 Dungeon Crawl Stone Soup version 0.22-a0-348-gd16d139 (webtiles) character file.

100 BaronVonScrub the Ruffian (level 4, 0/40 HPs)
             Began as a Troll Transmuter on Apr 7, 2018.
             Succumbed to a goblin's poison
             ... on level 2 of the Dungeon.
             The game lasted 00:07:58 (1219 turns).

BaronVonScrub the Ruffian (Troll Transmuter)        Turns: 1219, Time: 00:07:58

Health: 0/40       AC:  5    Str: 19    XL:     4   Next: 46%
Magic:  5/6        EV:  9    Int:  9    God:
Gold:   58         SH:  0    Dex: 16    Spells: 3/7 levels left

rFire    . . .     SeeInvis .     - Unarmed
rCold    . . .     Gourm    +   (no shield)
rNeg     . . .     Faith    .   b - +0 robe
rPois    .         Spirit   .   (helmet restricted)
rElec    .         Reflect  .   (no cloak)
rCorr    .         Harm     .   (gloves unavailable)
MR       .....                  (boots unavailable)
Stlth    +.........             (no amulet)
HPRegen  0.53/turn              g - +6 ring of dexterity
MPRegen  0.10/turn              (no ring)

@: lethally poisoned (0 -> -1), heavily drained
A: large, unfitting armour, claws 3, fast metabolism 3, gourmand, regeneration
1, shaggy fur 1, tough skin 2
a: no special abilities


You were on level 2 of the Dungeon.
You were not hungry.

You visited 1 branch of the dungeon, and saw 2 of its levels.

You collected 58 gold pieces.

Inventory:

Hand Weapons
 c - a +0 dagger
Missiles
 a - 12 arrows
Armour
 b - a +0 robe (worn)
Jewellery
 g - a +6 ring of dexterity (left claw)
Potions
 e - a potion of magic
Comestibles
 d - 3 rations


   Skills:
 - Level 0.7(0.0) Fighting
 - Level 1.6(0.4) Dodging
 - Level 3.7(2.4) Unarmed Combat
 * Level 2.1(0.9) Spellcasting
 * Level 2.2(1.0) Transmutations


You had 3 spell levels left.
You knew the following spells:

 Your Spells              Type           Power        Failure   Level  Hunger
a - Beastly Appendage     Tmut           #.....       24%         1    ##.....
b - Spider Form           Tmut/Pois      #.........   65%         3    ####...


Dungeon Overview and Level Annotations

Branches:
Dungeon (2/15)

Altars:

Annotations:
D:2 Robin


Innate Abilities, Weirdness & Mutations

You are too large for most types of armour.
You have claws for hands.
Your metabolism is lightning-fast.
You like to eat raw meat.
Your natural rate of healing is unusually fast.
You are covered in fur. (AC +1)
You have very tough skin. (AC +2)


Message History

* * * LOW HITPOINT WARNING * * *
You feel drained.
* * * LOW HITPOINT WARNING * * *
You closely miss Robin.
Robin is severely wounded.
Robin hits you with a mace of draining.
* * * LOW HITPOINT WARNING * * *
You feel drained.
* * * LOW HITPOINT WARNING * * *
You closely miss Robin.
Robin is severely wounded.
You feel sick.
You scratch Robin but do no damage.
Robin is severely wounded.
Robin hits you with a mace of draining.
* * * LOW HITPOINT WARNING * * *
You feel drained.
You scratch Robin but do no damage.
Robin is severely wounded.
You die... ..#>.### ## #g# #PP♣≈♣≈≈PP .....### #.# #.P≈≈≈≈≈≈# .#...##. #g###PPP≈≈≈PP. .##..##. #.....PPP≈PP.. .##..##. ## #####..PP≈P... . ...##< ###.. #####...##.# #..# .#ggg

###..........# #.. #..#
#######...##########
#....#.#####gg@....###
. #......).(.))#######
.$..........((.(##
......<#.#####..#
....#..[...............
.#..#.###########.#####
...... ... .. #.. #.#
#. .#


You could see Robin and a hobgoblin.

Vanquished Creatures
  3 gnolls (D:2)
  An adder (D:2)
  An ooze (D:1)
  2 worms (D:2)
  3 leopard geckos
  3 bats
  10 goblins
  6 hobgoblins
  5 jackals (D:1)
  2 frilled lizards (D:1)
  6 kobolds
  7 rats
  3 plants (D:2)
52 creatures vanquished.

Notes
Turn   | Place    | Note
-------+----------+-------------------------------------------
     0 | D:1      | BaronVonScrub the Troll Transmuter began the quest for the Orb.
     0 | D:1      | Reached XP level 1. HP: 18/18 MP: 1/1
    22 | D:1      | Reached XP level 2. HP: 26/26 MP: 2/2
   457 | D:1      | Reached XP level 3. HP: 29/32 MP: 4/4
   680 | D:1      | Learned a level 3 spell: Spider Form
  1086 | D:2      | Reached XP level 4. HP: 15/40 MP: 5/5
  1191 | D:2      | Noticed Robin
  1217 | D:2      | HP: 2/40 [poisoned by a goblin]
  1219 | D:2      | Succumbed to a goblin's poison

Vault maps used:
D:1:      ncdulo_wetmaze
D:2:      serial_bayou, serial_bayou_lagoon_a, serial_bayou_shore_a,
          serial_bayou_ford_a, serial_bayou_shore_b, first_ration, uniq_robin

Skill      XL: |  1  2  3  4 |
---------------+-------------+-----
Transmutations | 2 |  2.2
Spellcasting   | 2 |  2.1
Fighting       | |  0.7
Dodging        | |  1.6
Unarmed Combat | |  3.7

Action                   |  1- 3 |  4- 6 || total
-------------------------+-------+-------++-------
Melee: Unarmed           |   154 |    32 ||   186
       Punch             |     4 |       ||     4
       Dagger            |     2 |       ||     2
 Cast: Spider Form       |       |     1 ||     1
  Use: Scroll            |     3 |       ||     3
       Potion            |     1 |       ||     1
  Eat: Ration            |     2 |       ||     2
       Chunk             |     2 |       ||     2
Armor: Robe              |    42 |     7 ||    49
       Skin              |       |     1 ||     1
Dodge: Dodged            |    44 |    18 ||    62

Table legend:
 A = Spawn XP
 B = Non-spawn XP
 C = Spawn XP percentage of total XP
 D = Spawn monster count
 E = Non-spawn monster count
 F = Spawn count percentage of total count
 G = Total turns spent on level
                    A         B        C        D         E        F      G
               +---------+---------+-------+---------+---------+-------+---------
         Total |       0 |     143 |   0.0 |       0 |      49 |   0.0 |  1219
               +---------+---------+-------+---------+---------+-------+---------
           D:1 |       0 |      46 |   0.0 |       0 |      25 |   0.0 |   740
           D:2 |       0 |      97 |   0.0 |       0 |      24 |   0.0 |   479
               +---------+---------+-------+---------+---------+-------+---------
